← All builds
Front / Armada / Economy first / OBSERVED BUILD

Gauntlet defence

Front builds a Gauntlet by around 5:30, well before the norm, to anchor a defensive line at middle while the economy develops, backing it later with Rattlesnake and more Gauntlets.

#defence #artillery · 84 distinct matches · 44 players · 6% of Armada Front games · team won 56% of 86 · Recently observed

THE CATCH, AND WHAT COMES WITH IT
  • GauntletEarly defence from 5:31 · 8% of role by thenOnly 8% of Front games have it by then; others who build it get it around 11:14

Where those units first fight, in 72 games with kill data: in the middle 100%.

Those units destroy a typical 620 metal of enemy units by 15:00.

Then transitions into rocketeer (12% of army), blitz (12% of army), Rattlesnake (9% of army).

HOW TO PLAY IT

Key timing: Gauntlet by 5:34

  1. Open double mex and wind into a Vehicle Plant for the usual eco-first start.
  2. Add Beamer and defensive turf like Dragon's Teeth while eco grows.
  3. Commit early to a Gauntlet well ahead of the normal timing.
  4. Bring Rattlesnake into the mix to hold the defensive line at middle.
  5. Transition into T2 constructor once the line is anchored.

Phase by phase

TYPICAL OF ITS 84 GAMES · AGAINST STANDARD FRONT
  1. 1
  2. 2
  3. 3
PLAY THE OPENING

Follow the example game's first 6:32 step by step: what to build now, what comes next, and where it goes. At 1× it keeps pace with your own game.

  1. 1

    Up to the Bot Lab

    Economy
    • Metal Extractor2Mex
    • Wind Turbine1Wind
    Order
    1. Bot LabBot Lab after 3 mex, 1 winddone ~0:45, middle half 0:39–0:55

    Some games also: Vehicle Plant (41%)

    By 0:28 in all: 2 mex · 1 wind

    The example game in this phase · 1 step
    1. Mex ×3
  2. 2

    Bot Lab to Early defence

    Economy
    • Metal Extractor4Mex
    • Wind Turbine4Wind−2 vs standard
    Order
    1. GauntletEarly defence after 6 mex, 7 wind, 1 con turretdone ~6:37, middle half 6:07–7:10
    Builders
    • Construction Bot2 Con bot +2 vs standard
    Army
    • Sentry2 Sentry
    • Rocketeer3 Rocketeer +3 vs standard

    Some games also: tick (49%) · con turret (48%) · Lazarus (45%) · centurion (42%) · Radar Tower (36%)

    The standard build makes here, this one skips: 2 con vehicle · 3 janus

    By 5:31 in all: 6 mex · 8 wind · 1 con turret

    The example game in this phase · 34 steps
    1. Wind ×2
    2. Vehicle PlantVehicle Plantdone 1:04 · typical 0:47
    3. RoverScout ×3
    4. Construction VehicleCon vehicle ×2
    5. JanusJanus
    6. Mex
    7. JanusJanus
    8. Mex
    9. JanusJanus
    10. Wind
    11. JanusJanus
    12. Wind
    13. Mex
    14. JanusJanus
    15. Wind
    16. Construction VehicleCon vehicle
    17. Wind
    18. Mex
    19. Radar TowerRadar Tower
    20. WhistlerMissile truck
    21. Wind
    22. WhistlerMissile truck
    23. Wind
    24. WhistlerMissile truck
    25. Wind
    26. WhistlerMissile truck
    27. Wind
    28. Con turret
    29. WhistlerMissile truck ×2
    30. Con turret ×2
    31. Wind
    32. WhistlerMissile truck
    33. Wind
    34. GauntletGauntletdone 6:51 · typical 6:37
  3. 3

    Early defence to 10:00

    Economy
    • Metal Extractor1Mex
    • Wind Turbine17Wind
    Builders
    • Construction Turret2 Con turret

    Some games also: energy storage (50%) · Dragon's Teeth (47%) · Beamer (45%) · converter (40%) · Sentry (38%)

    The standard build makes here, this one skips: 2 blitz

    By 10:00 in all: 7 mex · 27 wind · 1 energy storage · 4 con turret

    The example game in this phase · 69 steps
    1. Wind
    2. WhistlerMissile truck
    3. Wind ×2
    4. WhistlerMissile truck
    5. Wind ×3
    6. SentrySentry
    7. Wind ×4
    8. BeamerBeamer
    9. Wind ×2
    10. WhistlerMissile truck
    11. Dragon's TeethDragon's Teeth
    12. Wind
    13. Dragon's TeethDragon's Teeth ×4
    14. Wind
    15. ShellshockerArty
    16. BeamerBeamer
    17. Wind ×4
    18. ShellshockerArty
    19. Wind
    20. ShellshockerArty
    21. Wind ×2
    22. ShellshockerArty
    23. Wind
    24. Radar TowerRadar Tower
    25. Wind ×5
    26. Con turret ×2
    27. Radar TowerRadar Tower
    28. Wind
    29. Energy storage
    30. Wind ×3
    31. Advanced Vehicle PlantAdvanced Vehicle Plantdone 10:44
    32. Wind ×12
    33. Converter ×2
    34. Wind ×2
    35. Converter
    36. ConsulConsul
    37. Wind ×3
    38. RattlesnakeRattlesnakenot finished by 15:00
    39. Wind ×2
    40. Converter
    41. MauserMauser
    42. UmbraJammer
    43. Wind
    44. Converter
    45. Wind ×2
    46. Converter ×2
    47. MauserMauser
    48. JaguarJaguar
    49. Converter
    50. Wind
    51. Converter
    52. Wind ×2
    53. JaguarJaguar
    54. Wind
    55. Converter
    56. Wind
    57. Converter
    58. Wind
    59. Converter
    60. Wind
    61. Converter
    62. Wind
    63. Converter ×2
    64. Con turret
    65. Radar TowerRadar Tower
    66. BeamerBeamer ×4
    67. Metal storage
    68. BeamerBeamer
    69. Con turret

Counts are medians over the build's games: half of them build more, half fewer. The example game is [MooDeng]NongJohn's (40 OS, 20/09/2026); pick another.

Team trades

IN AT LEAST 30% OF ITS GAMES

You hand over

Nothing regular.

You get

  • Tidal Generator4 Tidal from Pondfirst at 0:19 · in 79% of games
  • Advanced Construction Bot1 T2 con bot from Geo or Techfirst at 7:23 · in 63% of games

How it plays out

Typical game of this build against the role’s standard build, running totals by minute

  • This build
  • Standard front

Metal produced

010k20k30k
0:005:0010:0015:00

metal

Enemy metal destroyed

05k10k
0:005:0010:0015:00

metal

Own metal lost

05k10k
0:005:0010:0015:00

metal

86 games.

Show as table
ByMetal produced: This buildMetal produced: Standard frontEnemy metal destroyed: This buildEnemy metal destroyed: Standard frontOwn metal lost: This buildOwn metal lost: Standard front
1:003333330000
2:0086284629213131
3:0016571624127140109105
4:0027052712435540302333
5:00387938688501188593813
6:00509650761444209910881526
7:00633763141987298417222459
8:00762976622705387122953365
9:00906090873544463228574312
10:0010927106663958530833545060
11:0013153126084497581943315701
12:0015864148155115631355116521
13:0018984174405686698165067256
14:0022200201836548758475798093
15:0025798226307050839486268939
WHAT THE NUMBERS SAY

Won less often than the standard build and destroyed noticeably less enemy metal, despite pulling ahead in metal produced by 15:00.

  • + Metal produced by 15:00 clearly ahead (23942 vs 22219)
  • + Own metal lost by 15:00 about even (8933 vs 8949)
  • − Team win rate below standard (51% vs 61%)
  • − Enemy metal destroyed by 15:00 well behind (6999 vs 8347)
THE EXAMPLE YOU ARE READING

[MooDeng]NongJohn

39.7 OS · 20/09/2026

Open source match ↗

10 received units
692 metal received · 36586 energy received

Allied construction assistance is unknown. Timings are observations, not a promise of solo reproducibility.

Typical milestones

Bot Lab0:45Middle 50%: 0:39–0:55 · n=57
Vehicle Plant0:47Middle 50%: 0:41–1:00 · n=54
Gauntlet6:37Middle 50%: 6:07–7:10 · n=72
Advanced Metal Extractor9:10Middle 50%: 8:15–10:41 · n=69

Played most by

Leohvm12games of this buildDRM7games of this buildCentientWaffle4games of this buildGodmother134games of this buildarmjanus3games of this build